 Dungeon Crawl Stone Soup version 0.20-a0-1040-gfd09691 (webtiles) character file.

44 Gorglomux the Cudgeler (level 3, -1/27 HPs)
             Began as a Formicid Warper on Apr 23, 2017.
             Killed from afar by an orc wizard (8 damage)
             ... with a puff of flame
             ... on level 3 of the Dungeon.
             The game lasted 00:03:00 (1712 turns).

Gorglomux the Cudgeler (Formicid Warper)            Turns: 1712, Time: 00:03:01

Health: -1/27      AC:  8    Str: 20    XL:     3   Next: 85%
Magic:  6/6        EV:  8    Int: 12    God:
Gold:   123        SH:  0    Dex: 11    Spells: 6/6 levels left

rFire    . . .     SeeInvis +   a - +0 mace
rCold    . . .     Gourm    .   (no shield)
rNeg     . . .     Faith    .   n - +0 chain mail
rPois    .         Spirit   .   (helmet unavailable)
rElec    .         Reflect  .   (no cloak)
rCorr    .         Harm     .   (no gloves)
MR       .....                  (no boots)
Stlth    ..........             (no amulet)
Regen    0.1/turn               g - ring of loudness (curse) {Stlth-}
MPRegen  0.1/turn               (no ring)

@: mighty
A: permanent stasis, dig shafts and tunnels, four strong arms, antennae 3
a: Dig, Shaft Self


You were on level 3 of the Dungeon.
You were not hungry.

You visited 1 branch of the dungeon, and saw 3 of its levels.

You collected 123 gold pieces.

Inventory:

Hand Weapons
 a - a +0 mace (weapon)
Missiles
 e - 5 tomahawks of dispersal {=f}
Armour
 b - a +0 leather armour
 n - a +0 chain mail (worn)
   (You found it on level 1 of the Dungeon)
Jewellery
 g - a cursed ring of loudness (left hand) {Stlth-}
   (You found it on level 1 of the Dungeon)
Scrolls
 d - a scroll of blinking {!r}
 i - a scroll of random uselessness {unknown}
 m - a scroll of amnesia {unknown}
 p - a scroll of identify {unknown}
 r - a scroll of teleportation {unknown}
 t - a scroll of immolation {unknown}
Potions
 h - a potion of flight {unknown}
 j - a potion of resistance {unknown}
 k - 2 potions of curing {unknown}
 o - 2 potions of cancellation {unknown}
Books
 c - a book of Spatial Translocations
Comestibles
 f - 2 bread rations {@e1@e1}
 l - a meat ration {@e2@e2}


   Skills:
 - Level 2.1 Fighting
 + Level 3.8 Maces & Flails
 - Level 1.0 Throwing
 - Level 1.1 Armour
 - Level 1.7 Dodging
 - Level 2.1 Spellcasting
   Level 2.6 Translocations


You had 6 spell levels left.
You didn't know any spells.

Dungeon Overview and Level Annotations

Branches:
Dungeon (3/15)

Altars:
Wu Jian

Annotations:
D:3 Gorglomux's ghost, amateur FoWr


Innate Abilities, Weirdness & Mutations

You cannot be hasted, slowed, berserked, paralysed or teleported.
You can dig through walls and to a lower floor.
Your four strong arms can wield two-handed weapons with a shield.
You have a pair of large antennae on your head. (SInv)


Message History

No target in view!
No target in view!
No target in view!
No target in view!
No target in view!
No target in view!
No target in view!
No target in view!
No target in view!
Things that are here:
a mace; a giant cockroach corpse You butcher the giant cockroach corpse.
q - a chunk of flesh {@w0@w0} You see here a mace.
You now have 111 gold pieces (gained 1).
You now have 123 gold pieces (gained 12).
Found an ornate altar of the Wu Jian Council.
A frilled lizard comes into view.
The frilled lizard hisses angrily.
A frilled lizard is nearby!
The frilled lizard barely misses you.
You closely miss the frilled lizard.
The frilled lizard bites you but does no damage.
You miss the frilled lizard. The frilled lizard bites you.
You take 1 damage, and have 26/27 hp.
You closely miss the frilled lizard.
The frilled lizard bites you but does no damage.
You hit the frilled lizard.
You kill the frilled lizard!
No target in view!
No target in view!
No target in view!
No target in view!
No target in view!
No target in view!
You see here a frilled lizard corpse.
Gorglomux's ghost (amateur Formicid Warper) comes into view.
It is wielding a weapon of venom.
Gorglomux's ghost turns its malevolent gaze towards you.
Health restored: 27 You extend your mandibles.
You dig through the rock wall.
You dig through the rock wall.
You retract your mandibles.
Gorglomux's ghost crushes a nearby insect and laughs.
You see here a frilled lizard corpse.
You extend your mandibles.
You dig through the rock wall.
You retract your mandibles.
You are feeling hungry.
You see here a mace.
There is a stone staircase leading up here.
You climb upwards.
There is a stone staircase leading down here.
Eating a chunk of flesh {@w0@w0}.
You eat the chunk of flesh {@w0@w0}.
There is an escape hatch in the ceiling here.
You see here a club.
There is a stone staircase leading down here.
You climb downwards.
Level annotation: Gorglomux's ghost, amateur FoWr
There is a stone staircase leading up here.
A dart slug comes into view.
Your chain mail prevents you from hitting the dart slug.
The dart slug barely misses you.
You hit the dart slug. You hit the dart slug. The dart slug closely misses you.
You hit the dart slug.
The dart slug bites you but does no damage.
You hit the dart slug.
You kill the dart slug!
You sense a monster nearby.
You sense a monster nearby.
An orc wizard comes into view. It is wielding a dagger of speed.
The orc wizard shouts!
An orc wizard is nearby!
You extend your mandibles.
You dig through the rock wall.
You dig through the rock wall.
An orc comes into view. It is wielding a short sword.
The orc shouts!
You retract your mandibles.
You aren't carrying any items that you can evoke.
Unknown command.
The orc wizard gestures at you while chanting.
The magic dart hits you!
You take 9 damage, and have 18/27 hp.
MASSIVE DAMAGE!!
It was a potion of might.
You feel very mighty all of a sudden. The orc hits you but does no damage.
You sock the orc!
You kill the orc!
The orc wizard gestures at you while chanting.
The puff of flame hits you!
* * * LOW HITPOINT WARNING * * *
You take 11 damage, and have 7/27 hp.
MASSIVE DAMAGE!!
You thump the orc wizard! The orc wizard casts a spell at you.
The puff of flame hits you!
You die...

#.#######
#.......#
#.#####.#
#.# #.# #.#
#.########.#
#.#
#...........
#.#
#..........#
#.#
#.##.#####.
.. #@##.#
#o##.#
#..#.#
#.#..#
#.##.#
#.#...#
o......# {
.........#
####.....##


You could see an orc wizard and an orc (wandering).

Vanquished Creatures
  An ooze (D:2)
  2 dart slugs
  A leopard gecko (D:2)
  An orc (D:3)
  4 bats
  2 giant cockroaches
  5 goblins
  4 hobgoblins
  4 kobolds
  6 frilled lizards
  A rat (D:2)
31 creatures vanquished.

Notes
Turn   | Place    | Note
-------+----------+-------------------------------------------
     0 | D:1      | Gorglomux the Formicid Warper began the quest for the Orb.
     0 | D:1      | Reached XP level 1. HP: 16/16 MP: 3/3
    73 | D:1      | Reached XP level 2. HP: 17/22 MP: 5/5
   333 | D:1      | Reached skill level 3 in Maces & Flails
   938 | D:2      | Reached XP level 3. HP: 20/27 MP: 6/6
  1575 | D:3      | Found an ornate altar of the Wu Jian Council.
  1596 | D:3      | Noticed Gorglomux's ghost (amateur FoWr)
  1712 | D:3      | Killed from afar by an orc wizard

Vault maps used:
D:1:      minmay_arrival_solitary_statue
D:2:      minmay_misc_feat_secret_circle
D:3:      lemuel_castle_with_subvaults, lemuel_round_altar, minmay_unequal,
          uniq_terence

Skill      XL: |  1  2 |
---------------+-------+-----
Maces & Flails | 3 |  3.8
Fighting       | |  2.1
Throwing       | |  1.0
Armour         | |  1.1
Dodging        | |  1.7
Spellcasting   | |  2.1
Translocations | |  2.6

Action                   || total
-------------------------++-------
Melee: Mace              ||   103
 Abil: Dig               ||     4
  Use: Potion            ||     1
  Eat: Chunk             ||     3
Armor: Leather armour    ||     6
       Chain mail        ||    41
Dodge: Dodged            ||    55

Vault maps used:
D:1:      minmay_arrival_solitary_statue
D:2:      minmay_misc_feat_secret_circle
D:3:      lemuel_castle_with_subvaults, lemuel_round_altar, minmay_unequal,
          uniq_terence

Table legend:
 A = Turns spent in this place as a percentage of turns spent in the entire game.
 B = Non-inter-level travel turns spent in this place as a percentage of non-inter-level travel turns spent in the entire game.
 C = Inter-level travel turns spent in this place as a percentage of turns spent in this place.
 D = Turns resting spent in this place as a percentage of non-inter-level travel turns spent in this place.
 E = Turns spent auto-exploring this place as a percentage of non-inter-level travel turns spent in this place.
 F = Non-inter-level travel turns spent in this place divided by the number of levels of this place that you've seen.
                   A       B       C       D       E      F
               +-------+-------+-------+-------+-------+----------------------
         Total | 100.0 | 100.0 |   0.6 |   1.2 |  14.1 | 163.3
       Dungeon | 100.0 | 100.0 |   0.6 |   1.2 |  14.1 | 163.3
               +-------+-------+-------+-------+-------+----------------------

Table legend:
 A = Kills in this place as a percentage of kills in entire the game.
 B = Kills by you in this place as a percentage of kills by you in the entire game.
 C = Kills by friends in this place as a percentage of kills by friends in the entire game.
 D = Other kills in this place as a percentage of other kills in the entire game.
 E = Experience gained in this place as a percentage of experience gained in the entire game.
 F = Experience gained in this place divided by the number of levels of this place that you have seen.
                   A       B       C       D       E      F
               +-------+-------+-------+-------+-------+----------------------
         Total | 100.0 | 100.0 |  -nan |  -nan | 100.0 |  21.0
       Dungeon | 100.0 | 100.0 |  -nan |  -nan | 100.0 |  21.0
               +-------+-------+-------+-------+-------+----------------------
